 Dungeon Crawl Stone Soup version 0.27-a0-1431-gcffa5a9b16 (webtiles) character file.

Game seed: 2846133835773158152

419 bilbop the Caller (level 7, -1/40 HPs)
             Began as a Kobold Summoner on July 2, 2021.
             Was an Initiate of Yredelemnul.
             Slain by Duvessa (10 damage)
             ... on level 4 of the Dungeon on July 3, 2021.
             The game lasted 00:22:20 (4794 turns).

bilbop the Caller (Kobold Summoner)                 Turns: 4794, Time: 00:22:22

Health: -1/40      AC:  2    Str:  5    XL:     7   Next: 16%
Magic:  2/12       EV: 17    Int: 18    God:    Yredelemnul [......]
Gold:   143        SH:  0    Dex: 22    Spells: 9/12 levels left

rFire    . . .     SeeInvis .   a - +1 dagger (protect)
rCold    . . .     Faith    .   (shield restricted)
rNeg     . . .     Spirit   .   b - +0 robe
rPois    .         Reflect  .   (no helmet)
rElec    .         Harm     .   (no cloak)
rCorr    .         Rampage  .   (no gloves)
Will     .....                  (no boots)
Stlth    ++........             (no amulet)
HPRegen  0.13/turn              k - +6 ring of dexterity
MPRegen  0.13/turn              (no ring)

@: lit by a corona, glowing
A: small, no large weapons, nightstalker 3
a: Renounce Religion


You were on level 4 of the Dungeon.
You worshipped Yredelemnul.
Yredelemnul was noncommittal.
You visited 2 branches of the dungeon, and saw 5 of its levels.

You collected 143 gold pieces.

Inventory:

Hand Weapons
 a - a +1 dagger of protection (weapon)
 q - a +0 dagger
Armour
 b - a +0 robe (worn)
Jewellery
 k - a +6 ring of dexterity (left hand)
 m - a ring of ice
 t - a ring of see invisible
Wands
 r - a wand of polymorph (10)
Scrolls
 d - a scroll of immolation {unknown}
 g - a scroll of noise {unknown}
 h - a scroll of vulnerability {unknown}
 j - a scroll of identify {unknown}
 l - a scroll of blinking {unknown}
 n - a scroll of teleportation {unknown}
Potions
 c - a potion of haste {unknown}
 e - a potion of might {unknown}
 f - a potion of curing {unknown}
 i - a potion of lignification {unknown}
 o - a potion of attraction {unknown}
 p - a potion of brilliance {unknown}
 s - a potion of berserk rage {unknown}


   Skills:
 + Level 2.8 Fighting
 + Level 3.3 Short Blades
 + Level 4.1 Dodging
 + Level 4.6 Stealth
 + Level 3.4 Spellcasting
 + Level 4.9 Summonings
 + Level 0.1 Invocations


You had 9 spell levels left.
You knew the following spells:

 Your Spells              Type           Power      Damage    Failure   Level
a - Summon Small Mammal   Summ           84%        N/A       1%          1
b - Call Imp              Summ           21%        N/A       3%          2

Your spell library contained the following spells:

 Spells                   Type           Power      Damage    Failure   Level
 Call Canine Familiar     Summ           21%        N/A       6%          3
 Animate Skeleton         Necr           6%         N/A       16%         1
 Apportation              Tloc           6%         N/A       16%         1
 Corona                   Hex            3%         N/A       16%         1
 Summon Guardian Golem    Hex/Summ       12%        N/A       17%         3
 Summon Ice Beast         Ice/Summ       12%        N/A       50%         4
 Summon Lightning Spire   Summ/Air       12%        N/A       50%         4


Dungeon Overview and Level Annotations

Branches:
Dungeon (4/15)             Temple (1/1) D:4

Altars:
Ashenzari
Cheibriados
Dithmenos
Elyvilon
Gozag
Hepliaklqana
Kikubaaqudgha
Makhleb
Okawaru
Qazlal
Ru
Uskayaw
Vehumet
Yredelemnul

Shops:
D:1 (

Annotations:
D:4 Duvessa


Innate Abilities, Weirdness & Mutations

You are small and have problems with some larger weapons.
You are completely attuned to the shadows.


Message History

You swap places.
Duvessa hits your white imp with a +0 short sword!
Dowan hits you with a +0 dagger.
Your white imp hits Dowan.
Your white imp freezes Dowan.
Your crimson imp hits Dowan but does no damage.
Your white imp closely misses Dowan.
Duvessa hits your white imp with a +0 short sword.
Your white imp dies!
Dowan hits your crimson imp with a +0 dagger.
Your white imp gestures at Dowan.
The puff of frost hits Dowan!
Dowan dies!
Yredelemnul accepts your kill.
Duvessa screams in rage.
Duvessa goes berserk!
A beastly little devil appears in a puff of flame.
Duvessa hits you with a +0 short sword!
Your crimson imp hits Duvessa but does no damage.
Your crimson imp blinks!
You are too injured to fight recklessly!
Casting: Call Imp (safe; 3% risk of failure)
Confirm with . or Enter, or press ? or * to list all spells.
Duvessa misses you.
Your white imp gestures at Duvessa.
The puff of frost misses Duvessa.
Duvessa hits you with a +0 short sword!
* * * LOW HITPOINT WARNING * * *
You swap places.
Your crimson imp hits Duvessa.
Duvessa closely misses your crimson imp.
Your quokka bites Duvessa but does no damage.
Casting: Summon Small Mammal (safe; 1% risk of failure)
Confirm with . or Enter, or press ? or * to list all spells.
A metallic apparition takes form in the air.
Duvessa hits your crimson imp with a +0 short sword!
Your crimson imp hits Duvessa.
Duvessa completely misses your crimson imp.
Something hits your white imp!
Your white imp dies!
Your iron imp closely misses Duvessa.
Duvessa hits you with a +0 short sword!
You die...
Your body rises from the dead as a mindless zombie.

####.## ###.#.###########
###.....####.....#
#............###.# #.####^####..#
#.# ##.#.......#..# #.#
#..#.......#..# #.#
#..#.......#5## #.#
#####..#..._.§re.# #.#
.......#...55..#@# #.# ######
##.###.#.......#.# ##.######.....
##.# #.#..)....#.###...##....####
.#.# #.#########................#
.#.###...........###...##....##.#
##.##.......###### ##.######.##.#
#...#.####..# #.# #.##.# ....#.#
#..# #.# #..... #...#.####..#
##'## #.#..#


You could see Duvessa (berserk, ally target), a friendly iron imp (summoned) and
a friendly quokka (summoned).

Vanquished Creatures
  2 black bears (D:4)
  An iron imp (D:3)
  An orc wizard (D:4)
  A hound skeleton (D:4)
  An adder (D:4)
  An ufetubus (D:4)
  An orc (D:3)
  3 bats
  An endoplasm (D:2)
  A giant cockroach (D:2)
  3 hobgoblins
  3 quokkas
  6 ball pythons
  A frilled lizard (D:2)
  2 goblins
  2 rats (D:1)
30 creatures vanquished.

Vanquished Creatures (collateral kills)
  Sigmund (D:2)
  Dowan (D:4)
  3 gnolls (D:2)
  A worm (D:2)
  A dart slug (D:1)
  3 orcs (D:4)
  3 bats
  An endoplasm (D:4)
  A giant cockroach (D:3)
  3 goblins
  A hobgoblin (D:4)
  7 jackals (D:1)
  4 kobolds
  3 quokkas
  A ball python (D:4)
  A frilled lizard (D:1)
  2 rats
37 creatures vanquished.

Grand Total: 67 creatures vanquished

Notes
Turn   | Place    | Note
-------+----------+-------------------------------------------
     0 | D:1      | bilbop the Kobold Summoner began the quest for the Orb.
     0 | D:1      | Reached XP level 1. HP: 10/10 MP: 3/3
   496 | D:1      | Reached XP level 2. HP: 15/15 MP: 1/5
   848 | D:1      | Found a faded altar of an unknown god.
   991 | D:1      | Found Kuamp's Weapon Emporium.
  1229 | D:2      | Reached skill level 1 in Short Blades
  1441 | D:2      | Reached XP level 3. HP: 20/20 MP: 3/6
  1671 | D:2      | Noticed Sigmund
  1696 | D:2      | Killed Sigmund
  1697 | D:2      | Reached skill level 1 in Fighting
  1697 | D:2      | Reached XP level 4. HP: 25/25 MP: 0/8
  1697 | D:2      | Reached XP level 5. HP: 29/29 MP: 0/9
  1777 | D:2      | Learned a level 2 spell: Call Imp
  2549 | D:3      | Found a stormy altar of Qazlal.
  3038 | D:3      | Found a snail-covered altar of Cheibriados.
  3320 | D:4      | Reached XP level 6. HP: 35/35 MP: 10/10
  3484 | D:4      | Noticed a black bear
  3488 | D:4      | Killed a black bear
  3756 | D:4      | Noticed a black bear
  3759 | D:4      | Killed a black bear
  3760 | D:4      | Reached XP level 7. HP: 40/40 MP: 10/12
  3813 | D:4      | Found a staircase to the Ecumenical Temple.
  3833 | Temple   | Entered the Ecumenical Temple
  4173 | Temple   | Became a worshipper of Yredelemnul the Dark
  4727 | D:4      | Found a shadowy altar of Dithmenos.
  4771 | D:4      | Noticed Duvessa
  4772 | D:4      | Noticed Dowan
  4786 | D:4      | Killed Dowan
  4794 | D:4      | Slain by Duvessa

Illustrated notes

Levels and vault maps discovered:
D:1:      mrwooster_arrival_statue, layout_basic, serial_shops, shop,
          hellmonk_ecumenical_altar_run_dry, minmay_misc_feat_iff
D:2:      layout_loops_cross, uniq_sigmund
D:3:      layout_basic, chei_slow_surprise, old_standard_altar
D:4:      layout_loops_corners, lemuel_tele_altar,
          minmay_temple_entry_large_hall, chequers_mini_garden, uniq_duvessa
Temple:   minmay_temple_curvy_loop

Skill      XL: |  1  2  3  4  5  6 |
---------------+-------------------+-----
Short Blades   | 1 2 3 |  3.3
Stealth        | 3 4 |  4.6
Fighting       | 1 2 |  2.8
Dodging        | 3 4 |  4.1
Spellcasting   | 3 |  3.4
Summonings     | |  4.9
Invocations    | |  0.1

Action                   |  1- 3 |  4- 6 |  7- 9 || total
-------------------------+-------+-------+-------++-------
Melee: Dagger            |    29 |    47 |    14 ||    90
 Cast: Summon Small Mamm |    39 |     3 |     1 ||    43
       Call Imp          |       |    18 |     8 ||    26
 Stab: Sleeping          |     6 |    13 |     1 ||    20
Armor: Robe              |    11 |     6 |     7 ||    24
Dodge: Dodged            |    43 |    32 |    11 ||    86

Table legend: (Time is in decaauts)
 A = Elapsed time spent in this place.
 B = Non-inter-level travel time spent in this place.
 C = Inter-level travel time spent in this place.
 D = Time resting spent in this place.
 E = Time spent auto-exploring this place.
 F = Levels seen in this place.
 G = Mean time per level.
                   A        B        C        D        E       F      G
               +--------+--------+--------+--------+--------+-----+--------+
         Total |   4785 |   4490 |    295 |     73 |   3880 |   5 |  957.0 |
       Dungeon |   4394 |   4173 |    221 |     73 |   3566 |   4 | 1098.5 |
        Temple |    391 |    317 |     74 |      0 |    314 |   1 |  391.0 |
               +--------+--------+--------+--------+--------+-----+--------+

Top non-repeatable levels by time:
     D:4: 1210 daAuts
     D:2: 1205 daAuts
     D:1: 1123 daAuts
     D:3: 855 daAuts
  Temple: 391 daAuts
